 Dungeon Crawl Stone Soup version 0.17-a0-1393-gcb420ff (webtiles) character file.

66795 nubinia the Nimble (level 14, 90/90 HPs)
             Began as a High Elf Conjurer on June 14, 2015.
             Was the Champion of Qazlal.
             Quit the game on level 8 of the Lair of Beasts on June 16, 2015.
             The game lasted 03:28:45 (26926 turns).

nubinia the Nimble (High Elf Conjurer)             Turns: 26926, Time: 03:28:45

Health: 90/90      AC: 15    Str:  7    XL:     14   Next: 80%
Magic:  40/40      EV: 22    Int: 23    God:    Qazlal [******]
Gold:   1883       SH:  8    Dex: 18    Spells: 7 memorised, 14 levels left

rFire  . . .     SeeInvis .     a - +0 halberd (protect)
rCold  . . .     Clarity  .     N - +2 robe {rN+}
rNeg   + . .     SustAt   .     (no shield)
rPois  .         Gourm    .     s - +1 helmet
rElec  .         Spirit   +     t - +0 cloak
rCorr  .         Warding  .     L - +0 pair of gloves {archery}
rMut   .         Stasis   .     y - +1 pair of boots {Stlth+}
MR     +....                    D - amulet of guardian spirit
Stlth  ++........               X - +3 ring of slaying
                                J - ring of magical power

@: repel missiles, somewhat resistant to hostile enchantments, unstealthy
A: no striking features
a: Upheaval, Elemental Force, Disaster Area, Renounce Religion


You were on level 8 of the Lair of Beasts.
You worshipped Qazlal.
Qazlal was exalted by your worship.
You were not hungry.

You visited 3 branches of the dungeon, and saw 21 of its levels.
You also visited: Ice Cave and Volcano.

You collected 2382 gold pieces.
You spent 499 gold pieces at shops.

Inventory:

Hand weapons
 a - a +0 halberd of protection (weapon)
 b - the +1 shortbow of Disembowelment {venom, rF++ MP-9 Str+3}
   (You bought it in a shop on level 4 of the Orcish Mines)

   It poisons the ammo it fires.
   It affects your strength (+3).
   It greatly protects you from fire.
   It affects your magic capacity (-9).
 B - a +0 blowgun
Missiles
 m - 8 curare-tipped needles
 Z - 175 arrows
Armour
 s - a +1 helmet (worn)
 t - a +0 cloak (worn)
 y - a +1 pair of boots of stealth (worn)
 L - a +0 pair of gloves of archery (worn)
 N - a +2 robe of positive energy (worn)
Jewellery
 h - an uncursed ring of magical power
 l - an uncursed amulet of warding
 D - an amulet of guardian spirit (around neck)
 G - an uncursed ring of positive energy
 J - a ring of magical power (left hand)
 X - a +3 ring of slaying (right hand)
Scrolls
 g - a scroll of summoning
 i - a scroll of holy word
 r - 6 scrolls of remove curse
 v - a scroll of magic mapping
 z - 4 scrolls of recharging
 C - 2 scrolls of teleportation
 E - a scroll of identify
 V - 2 scrolls of enchant weapon
Potions
 f - 2 potions of flight
 o - 6 potions of heal wounds
 q - 12 potions of curing
 u - 4 potions of haste
 x - a potion of cancellation
 A - 3 potions of agility
 F - a potion of might
 M - a potion of berserk rage
 O - 2 potions of brilliance
 S - 2 potions of magic
 T - 2 potions of resistance
Books
 p - a Young Poisoner's Handbook

   Spells                             Type                      Level
   a - Sting                          Conjuration/Poison           1
   b - Cure Poison                    Poison                       2
   c - Mephitic Cloud                 Conjuration/Poison/Air       3
   d - Olgreb's Toxic Radiance        Poison                       4
   e - Venom Bolt                     Conjuration/Poison           5
Miscellaneous
 e - a sack of spiders
 k - a stone of tremors
Comestibles
 c - 12 bread rations
 d - 6 meat rations
 j - a beef jerky
 n - 4 chunks of flesh
 w - 7 slices of pizza
 H - 5 fruits


   Skills:
 + Level 6.8 Fighting
   Level 0.8 Short Blades
 - Level 1.3 Polearms
 + Level 4.4 Bows
 + Level 1.4 Throwing
 + Level 1.5 Armour
 + Level 12.8 Dodging
 + Level 9.2 Stealth
   Level 4.9 Shields
 + Level 12.4 Spellcasting
 + Level 12.2 Conjurations
 + Level 5.4 Hexes
 + Level 10.5 Charms
 + Level 2.2 Ice Magic
 * Level 7.4 Air Magic
 + Level 2.6 Poison Magic
 * Level 4.2 Invocations
 + Level 0.4 Evocations


You had 14 spell levels left.
You knew the following spells:

 Your Spells              Type           Power        Failure   Level  Hunger
a - Magic Dart            Conj           ####         1%          1    None
b - Dazzling Spray        Conj/Hex       ######..     1%          3    None
c - Mephitic Cloud        Conj/Pois/Air  #####...     1%          3    None
d - Iskenderun's Mystic   Conj           ######..     1%          4    None
e - Airstrike             Air            #####.....   1%          4    None
i - Iskenderun's Battles  Conj/Chrm      ######..     1%          5    ###....
o - Ozocubu's Armour      Chrm/Ice       #####...     1%          3    None


Dungeon Overview and Level Annotations

Branches:
Dungeon (9/15)             Temple (0/1) D:6            Lair (8/8) D:9
  Swamp (0/4) Lair:6       Spider (0/4) Lair:3        Slime (0/6) Lair:8
    Orc (4/4) D:9             Elf (0/3) Orc:3

Altars:
Ashenzari
Elyvilon
Fedhas
Qazlal
Sif Muna
Trog
Vehumet
Xom
Yredelemnul
Jiyva

Shops:
D:9 *   Orc:4 ([==

Annotations:
D:7 exclusion: ice statue


Message History

You hear a trumpeting!
You hear an angry hiss.
You hear a trumpeting! x2
You hear a bellow!
You hear a trumpeting!
You hear a bellow!
You hear a trumpeting!
You hear an angry hiss.
You hear a bellow!
You hear a trumpeting!
You hear a bellow! x2
You hear an angry hiss.
You hear a trumpeting!
You hear a trumpeting!
You hear an angry hiss.
You hear a bellow!
You hear a trumpeting!
You hear an angry hiss.
You hear a trumpeting! x2
You hear an angry hiss.
You hear a trumpeting!
HP restored.
Are you sure you want to abandon this character and quit the game? (Confirm with "yes".)

........#.#*#†....#**,,,,,,,**
.......##.§.#.....#*,,,,,*,,,*
....#..##...#...######**,,,****
###...########÷..#...**,,*,,,,*
....#..§..##P....#..,**.(,,,,,**
....†.....##.....#.#,*((.,,,,,,*
#.........###..§.#.##(...,,,,,**#
...........##..§§...(..##*,*,,**#
...........###..@.((.....,,*,,,*#
#..........# ##§(÷§...##.,,*,,**#
..........## ##P§§....#,,,**,* #
.......#### ###...###*******##
....#..# ### *#### #### ###.
P....#########.#### ####..###...
#....#.#.##.....#.####P..........
#......##.........#..##..........
##................(PP............


There were no monsters in sight!

Vanquished Creatures
  Rupert (Orc:3)
  Gastronok (D:8)
  An orc warlord (Orc:2)
  Maud (Orc:1)
  Harold (Orc:1)
  A catoblepas (Lair:8)
  4 hydras
  The ghost of Kidiri the Thaumaturge, a powerful DEFE of Vehumet (Lair:4)
  7 death yaks (Lair:8)
  A hell knight (Volcano)
  A hill giant (D:9)
  2 necromancers
  An orc sorcerer (Orc:4)
  A manticore (Lair:8)
  3 orc knights
  21 elephants
  5 griffons
  An oklob plant (Orc:1)
  6 black mambas
  A toenail golem (Volcano)
  A gargoyle (D:8)
  17 spiny frogs
  10 komodo dragons
  A fire drake (Lair:8)
  The ghost of hyperkellhus the Chopper, an average DDSu (D:5)
  2 red devils (Volcano)
  A troll (Orc:4)
  2 polar bears
  9 blue devils (IceCv)
  Prince Ribbit (D:8)
  A slime creature (D:9)
  10 blink frogs
  3 wyverns
  A spriggan (Lair:5)
  A wraith (D:7)
  4 basilisks
  22 yaks
  19 wolves
  2 wargs
  11 hippogriffs
  13 water moccasins
  2 hell hounds (Volcano)
  2 black bears (D:7)
  7 porcupines
  2 sky beasts
  11 ogres
  31 orc warriors
  2 spiders (Lair:3)
  2 phantoms
  2 necrophages (D:7)
  15 centaurs
  17 crocodiles
  11 giant frogs
  3 elf zombies (D:7)
  A gnoll sergeant (D:3)
  A scorpion (D:6)
  3 wights
  13 killer bees (D:7)
  An electric eel (Lair:6)
  2 centaur zombies (D:9)
  5 crimson imps
  5 jellies
  4 hounds
  4 gnoll shamans (D:3)
  3 human zombies (D:7)
  26 orc priests
  2 quasits (D:7)
  18 orc wizards
  11 iguanas
  A human skeleton (D:7)
  A polar bear simulacrum (Lair:2)
  2 wolf simulacra (Lair:2)
  7 worker ants
  3 yak simulacra (Lair:2)
  3 troll simulacra (IceCv)
  18 sheep
  A mummy (D:7)
  43 river rats
  41 gnolls
  A naga simulacrum (IceCv)
  An ogre simulacrum (IceCv)
  12 white imps
  13 adders
  2 shadow imps
  An ooze (D:2)
  A worm (D:2)
  A giant gecko (D:8)
  146 orcs
  25 bats
  2 bat skeletons
  3 giant cockroaches
  33 hobgoblins
  24 jackals
  17 kobolds
  4 quokkas
  2 ball pythons (D:1)
  5 giant newts
  18 goblins
  A jackal skeleton (D:4)
  An orc skeleton (D:7)
  12 rats
  A river rat simulacrum (Lair:2)
  78 fungi
  45 plants
968 creatures vanquished.

Vanquished Creatures (others)
  An orc warrior (Orc:4)
  2 orcs
  A goblin (Orc:2)
  17 fungi
  7 plants (Lair:8)
28 creatures vanquished.

Grand Total: 996 creatures vanquished

Notes
Turn   | Place    | Note
--------------------------------------------------------------
     0 | D:1      | nubinia the High Elf Conjurer began the quest for the Orb.
     0 | D:1      | Reached XP level 1. HP: 11/11 MP: 4/4
   309 | D:1      | Reached XP level 2. HP: 17/17 MP: 2/6
   814 | D:1      | Reached skill level 5 in Conjurations
  1114 | D:1      | Reached XP level 3. HP: 21/21 MP: 1/8
  1119 | D:1      | Learned a level 3 spell: Dazzling Spray
  1303 | D:2      | Found a faded altar to an unknown god.
  1317 | D:2      | Became a worshipper of Qazlal Stormbringer
  1317 | D:2      | Acquired Qazlal's first power
  1655 | D:2      | Reached XP level 4. HP: 24/27 MP: 4/9
  2030 | D:3      | Acquired Qazlal's second power
  2514 | D:3      | Reached skill level 1 in Hexes
  2875 | D:3      | Reached XP level 5. HP: 9/31 MP: 2/11
  3470 | D:3      | Reached XP level 6. HP: 32/37 MP: 2/13
  3477 | D:3      | Learned a level 5 spell: Iskenderun's Battlesphere
  3482 | D:3      | Learned a level 4 spell: Iskenderun's Mystic Blast
  3649 | D:3      | Reached skill level 1 in Charms
  3921 | D:3      | Found a deep blue altar of Sif Muna.
  4358 | D:3      | Acquired Qazlal's third power
  4451 | D:3      | Reached skill level 6 in Conjurations
  4451 | D:3      | Reached XP level 7. HP: 38/42 MP: 6/15
  4676 | D:3      | Reached skill level 1 in Polearms
  4954 | D:3      | Reached skill level 5 in Spellcasting
  5639 | D:5      | Entered Level 5 of the Dungeon
  5792 | D:5      | HP: 2/42 [ogre/giant spiked club (16)]
  5799 | D:5      | Reached skill level 1 in Fighting
  5949 | D:5      | Noticed hyperkellhus's ghost (average DDSu)
  6122 | D:5      | Reached XP level 8. HP: 48/48 MP: 17/17
  6214 | D:5      | Reached skill level 5 in Dodging
  6412 | D:5      | Found a shattered altar of Ashenzari.
  6937 | D:5      | Killed hyperkellhus's ghost
  6937 | D:5      | Reached skill level 1 in Shields
  7525 | D:7      | Got a slimy robe
  7536 | D:7      | Identified the cursed +1 robe of Insecurity {rC- rN++ Int+4} (You found it on level 7 of the Dungeon)
  7538 | D:7      | Found a radiant altar of Vehumet.
  7582 | D:7      | Acquired Qazlal's fourth power
  7582 | D:7      | Reached skill level 5 in Charms
  7664 | D:7      | Reached skill level 7 in Conjurations
  7686 | D:7      | Noticed an ice statue
  7740 | D:7      | Reached XP level 9. HP: 54/54 MP: 17/19
  7974 | D:8      | Found a shimmering altar of Xom.
  8280 | D:8      | Noticed a gargoyle
  8583 | D:6      | Found a staircase to the Ecumenical Temple.
  8822 | D:7      | Found a blossoming altar of Fedhas.
  9001 | D:7      | Acquired Qazlal's fifth power
  9175 | D:7      | Reached skill level 8 in Conjurations
  9271 | D:7      | Found a basalt altar of Yredelemnul.
  9387 | D:7      | Reached XP level 10. HP: 63/63 MP: 18/22
  9543 | D:8      | Noticed Gastronok
  9569 | D:8      | Killed a gargoyle
  9882 | D:8      | Killed Gastronok
 10095 | D:8      | Noticed Prince Ribbit
 10097 | D:8      | Killed Prince Ribbit
 10237 | D:8      | Reached skill level 9 in Conjurations
 10547 | D:9      | Noticed a hill giant
 10552 | D:9      | Killed a hill giant
 10650 | D:9      | Upgraded the game from 0.17-a0-1378-g281efdd to 0.17-a0-1382-gc46a074
 10738 | D:9      | Learned a level 3 spell: Ozocubu's Armour
 10898 | D:9      | Found a staircase to the Orcish Mines.
 11010 | D:9      | Found Toiton's Assorted Antiques.
 11013 | D:9      | Bought a scroll labeled RUYNIQ ZOURUI for 24 gold pieces
 11014 | D:9      | Bought a scroll labeled ECOTIACZ KYUT for 24 gold pieces
 11046 | D:9      | Found a staircase to the Lair.
 11078 | D:9      | Found a bloodstained altar of Trog.
 11087 | D:9      | Found a white marble altar of Elyvilon.
 11269 | Lair:1   | Entered Level 1 of the Lair of Beasts
 11282 | Lair:1   | Noticed a black mamba
 11284 | Lair:1   | Killed a black mamba
 11284 | Lair:1   | Reached XP level 11. HP: 69/69 MP: 23/25
 12268 | Lair:2   | Learned a level 3 spell: Mephitic Cloud
 12375 | Lair:2   | Noticed a necromancer
 12379 | Lair:2   | Killed a necromancer
 12379 | Lair:2   | Reached skill level 10 in Spellcasting
 12644 | Lair:2   | Reached skill level 10 in Conjurations
 13182 | Lair:3   | Identified a scroll of acquirement
 13286 | Lair:3   | Reached skill level 1 in Air Magic
 13302 | Lair:3   | Reached skill level 5 in Stealth
 13398 | Lair:3   | Found a hole to the Spider Nest.
 14138 | Lair:3   | Reached XP level 12. HP: 60/75 MP: 21/27
 14357 | Lair:4   | Noticed Kidiri's ghost (powerful DEFE)
 14516 | Lair:4   | Reached skill level 1 in Ice Magic
 14548 | Lair:4   | Reached skill level 5 in Hexes
 14777 | Lair:5   | Reached skill level 11 in Spellcasting
 14777 | Lair:5   | Reached skill level 1 in Poison Magic
 14795 | Lair:5   | Reached skill level 10 in Charms
 16098 | Lair:4   | Killed Kidiri's ghost
 16167 | Lair:4   | Reached skill level 10 in Dodging
 16334 | Lair:4   | Reached skill level 5 in Fighting
 16794 | Lair:6   | Found a staircase to the Swamp.
 16825 | Lair:6   | Noticed an eight-headed hydra
 16828 | Lair:6   | Killed an eight-headed hydra
 17997 | Lair:7   | Reached XP level 13. HP: 81/81 MP: 25/29
 18060 | Lair:7   | Learned a level 4 spell: Airstrike
 18100 | Lair:7   | Reached skill level 1 in Throwing
 18404 | Orc:1    | Entered Level 1 of the Orcish Mines
 18748 | Orc:2    | Noticed Harold
 19117 | Orc:1    | Killed Harold
 19150 | Orc:2    | Found a frozen archway.
 19296 | IceCv    | Entered an ice cave
 19497 | IceCv    | Got a crude leather armour
 19617 | IceCv    | Identified the +3 leather armour of Inference {Str-4 Dex+5 Slay+4} (You took it off a necromancer in an ice cave)
 20245 | Orc:2    | Noticed Maud
 20259 | Orc:1    | Killed Maud
 20637 | Orc:2    | Noticed an orc warlord
 20667 | Orc:2    | Killed an orc warlord
 21058 | Orc:3    | Found a staircase to the Elven Halls.
 21505 | Orc:4    | Entered Level 4 of the Orcish Mines
 21505 | Orc:4    | Noticed Rupert
 21603 | Orc:3    | Killed Rupert
 21603 | Orc:3    | Reached skill level 1 in Armour
 21603 | Orc:3    | Reached skill level 5 in Air Magic
 22295 | Orc:4    | Reached skill level 12 in Conjurations
 22359 | Orc:4    | Reached skill level 1 in Bows
 22872 | Orc:4    | Found Ding's Armour Boutique.
 22872 | Orc:4    | Found Gasaar's Jewellery Emporium.
 22874 | Orc:4    | Found Eroitoal's Jewellery Shoppe.
 22876 | Orc:4    | Found Beddut's Antique Weapon Shop.
 22881 | Orc:4    | Bought an uncursed amulet of warding for 195 gold pieces
 22888 | Orc:4    | Bought an ebony shortbow for 256 gold pieces
 22888 | Orc:4    | Identified the cursed +1 shortbow of Disembowelment {venom, rF++ MP-9 Str+3} (You bought it in a shop on level 4 of the Orcish Mines)
 23840 | Lair:7   | Reached XP level 14. HP: 90/90 MP: 20/31
 23956 | Lair:7   | Reached skill level 1 in Invocations
 24794 | Lair:8   | Entered Level 8 of the Lair of Beasts
 24859 | Lair:8   | Found a dark tunnel.
 24880 | Volcano  | Entered a volcano
 24882 | Volcano  | Upgraded the game from 0.17-a0-1382-gc46a074 to 0.17-a0-1393-gcb420ff
 25900 | Lair:8   | Found a staircase to the Slime Pits.
 25900 | Lair:8   | Found a viscous altar of Jiyva.
 26926 | Lair:8   | Quit the game

Vault maps used:
D:1:      dpeg_arrival_shrine, hangedman_decor_opposing, moated_statue,
          minmay_close_crescents
D:2:      ecumenical_altar_2
D:3:      lemuel_castle_with_subvaults, nicolae_overflow_hidden_temple
D:5:      lemuel_crystal_altar, first_bread
D:6:      temple_statues
D:7:      lemuel_ice_statue, vehumet_altar_wand_db,
          lemuel_mausoleum_altar_yredelemnul, fedhas_altar_3
D:8:      lemuel_crystal_altar, uniq_prince_ribbit1, uniq_gastronok
D:9:      minmay_ornate_pinched, minitemple, lair_0_dummy, orc_0_dummy,
          serial_shops, nicolae_shop_behind_doors
Lair:2:   eino_house_with_fridge
Lair:3:   spider_nest_entry_funnel_web, columned_hall_lemuel,
          guppyfry_lair_drakes, serial_bayou_shore_b
Lair:4:   grunt_megastairs_2, serial_bayou_shore_b
Lair:5:   grunt_forest_large_clearing_hut, infiniplex_staircase_pool
Lair:6:   swamp_mist_pool
Lair:7:   beast_lair_carwin_2, bh_autumn_forest_stairs
Lair:8:   hangedman_lair_in_review, slime_altar_1,
          nicolae_volcano_entry_hallway, serial_bayou_shore_b
Orc:1:    mines3_lemuel
Orc:2:    portal_ice_cave_entry_imps, minmay_orc_barracks, uniq_maud,
          uniq_harold
Orc:3:    nicolae_orc_pool_cavern
Orc:4:    st_orc_rangers, uniq_rupert
IceCv:    ice_cave_tombish
Volcano:  volcano_caves

Action                   |  1- 3 |  4- 6 |  7- 9 | 10-12 | 13-15 || total
-------------------------+-------+-------+-------+-------+-------++-------
Melee: Dagger            |    56 |    64 |       |       |       ||   120
       Halberd           |       |    30 |   269 |   370 |   993 ||  1662
 Fire: Blowgun           |       |       |     4 |     7 |     9 ||    20
       Shortbow          |       |       |       |       |   143 ||   143
 Cast: Magic Dart        |    92 |   186 |   191 |   143 |    58 ||   670
       Dazzling Spray    |       |     3 |    68 |    88 |    83 ||   242
       Iskenderun's Myst |       |       |     8 |    10 |     3 ||    21
       Iskenderun's Batt |       |       |     9 |    68 |    28 ||   105
       Ozocubu's Armour  |       |       |       |    13 |    28 ||    41
       Mephitic Cloud    |       |       |       |    39 |    96 ||   135
       Airstrike         |       |       |       |       |     1 ||     1
Evoke: Stone of tremors  |       |       |       |     1 |     1 ||     2
       Wand              |       |       |       |       |     4 ||     4
  Use: Potion            |     2 |     4 |       |     1 |       ||     7
       Scroll            |     1 |       |     9 |    16 |     9 ||    35
 Stab: Invisible         |       |       |     6 |    12 |    20 ||    38
       Confused          |       |       |       |    28 |    46 ||    74
       Distracted        |       |       |       |     1 |       ||     1
  Eat: Chunk             |     3 |     9 |    18 |    31 |    33 ||    94
       Fruit             |       |       |       |     1 |       ||     1
       Royal jelly       |       |       |       |     2 |       ||     2
       Beef jerky        |       |       |       |     1 |     1 ||     2
